 Dungeon Crawl Stone Soup version 0.29.0-4-gdea44cf6ec (webtiles) character file.

Game seed: 10885738979477541277

46 qw the Chopper (level 3, -3/21 HPs)
             Began as a Tengu Warper on Aug 28, 2022.
             Slain by Ijyb
             ... wielding a +0 club
              (4 damage)
             ... on level 3 of the Dungeon.
             The game lasted 00:00:10 (2365 turns).

qw the Chopper (Tengu Warper)                       Turns: 2365, Time: 00:00:11

Health: -3/21      AC:  8    Str: 13    XL:     3   Next: 68%
Magic:  7/7        EV:  1    Int: 13    God:
Gold:   76         SH: 12    Dex: 13    Spells: 6/6 levels left

rFire   . . .      SeeInvis .   Y - +0 hand axe
rCold   . . .      Faith    .   f - +2 tower shield
rNeg    . . .      Spirit   .   c - +0 chain mail
rPois   .          Reflect  .   (helmet restricted)
rElec   .          Harm     .   (no cloak)
rCorr   .          Rampage  .   (no gloves)
Will    .....                   (boots unavailable)
Stlth   ..........              (no amulet)
HPRegen 0.07/turn               (no ring)
MPRegen 0.10/turn               (no ring)

@: no status effects
A: beak, talons 3
a: no special abilities


You were on level 3 of the Dungeon.
You visited 1 branch of the dungeon, and saw 3 of its levels.

You collected 76 gold pieces.


Innate Abilities, Weirdness & Mutations

You have a beak for a mouth.
You have claws for feet.


   Skills:
 - Level 2.0 Fighting
 - Level 4.3 Axes
 - Level 1.0 Throwing
 - Level 1.1 Armour
 - Level 2.1 Dodging
 + Level 0.0 Shields
 - Level 2.0 Spellcasting
 - Level 2.4 Translocations


You had 6 spell levels left.
You didn't know any spells.
Your spell library contained the following spells:

 Spells                   Type           Power      Damage    Failure   Level
 Blink                    Tloc           14%        N/A       100%        2
 Gell's Gravitas          Tloc           7%         N/A       100%        3
 Lesser Beckoning         Tloc           7%         N/A       100%        3
 Teleport Other           Tloc           7%         N/A       100%        3
 Manifold Assault         Tloc           7%         N/A       100%        5

Inventory:

Hand Weapons
 e - a +0 club
 Y - a +0 hand axe (weapon)
Armour
 c - a +0 chain mail (worn)
 f - a +2 tower shield (worn)
Potions
 d - a potion of cancellation {unknown}
 g - a potion of degeneration {unknown}

Dungeon Overview and Level Annotations

Branches:
Dungeon (3/15)

Altars:

Shops:
D:1 !

Annotations:
D:3 Ijyb


Message History

Ijyb grins evilly.
Ijyb zaps a wand.
You resist with significant effort.
You can move again.
You hit Ijyb. You claw Ijyb, but do no damage. You peck Ijyb, but do no damage.
Ijyb is moderately wounded.
You closely miss the frilled lizard. You block the frilled lizard's attack.
You block Ijyb's attack.
The frilled lizard bites you but does no damage.
Ijyb hits you but does no damage.
You hit Ijyb but do no damage. Your kick misses Ijyb. You peck Ijyb.
Ijyb is heavily wounded.
You miss the frilled lizard.
The frilled lizard bites you but does no damage.
You block Ijyb's attack.
You hit Ijyb but do no damage. You claw Ijyb, but do no damage.
Your peck misses Ijyb.
Ijyb is heavily wounded.
You closely miss the frilled lizard. You block the frilled lizard's attack.
Ijyb zaps a wand.
You suddenly lose the ability to move!
The frilled lizard bites you but does no damage.
Ijyb zaps a wand.
You shrug off the repeated paralysis!
The frilled lizard bites you but does no damage.
Ijyb hits you with a +0 club.
The frilled lizard bites you but does no damage.
Ijyb hits you with a +0 club.
The frilled lizard bites you but does no damage.
Ijyb hits you but does no damage.
You can move again.
You closely miss Ijyb. You claw Ijyb.
Ijyb is heavily wounded.
You closely miss the frilled lizard. You block the frilled lizard's attack.
Ijyb screams, "I cut your head off!"
Ijyb zaps a wand.
You shrug off the repeated paralysis!
You barely miss Ijyb. Your kick misses Ijyb. You peck Ijyb.
Ijyb is severely wounded.
You closely miss the frilled lizard. You block the frilled lizard's attack.
Ijyb hits you with a +0 club.
You die...

# .# ..#..
####.....#
#<@lg..#
##g#.#.#
#.# # ..#
###


You could see Ijyb (strong), a goblin and a frilled lizard.

Vanquished Creatures
  2 worms (D:2)
  A dart slug (D:2)
  3 endoplasms
  2 goblins (D:1)
  4 hobgoblins (D:1)
  2 quokkas
  4 ball pythons
  4 bats
  3 frilled lizards
  8 kobolds
  5 rats
38 creatures vanquished.

Notes
Turn   | Place    | Note
-------+----------+-------------------------------------------
     0 | D:1      | qw the Tengu Warper began the quest for the Orb.
     0 | D:1      | Reached XP level 1. HP: 12/12 MP: 4/4
     0 | D:1      | 0 ||| qw: Version: 0.1-a-89-g26bdef1
     0 | D:1      | 0 ||| qw: Game counter: 3010
     0 | D:1      | 0 ||| qw: Always use a shield: true
     0 | D:1      | 0 ||| qw: God list: Okawaru
     0 | D:1      | 0 ||| qw: Allow faded altars: false
     0 | D:1      | 0 ||| qw: Do Orc after D:15 true
     0 | D:1      | 0 ||| qw: Do second Lair branch before Depths: true
     0 | D:1      | 0 ||| qw: Lair rune preference: random
     0 | D:1      | 0 ||| qw: Plans: Normal
     0 | D:1      | 0 ||| PLANNING D:1-11
   260 | D:1      | Found Xochesk's Distillery.
   265 | D:1      | 265 ||| SHOPLISTING potion of haste (130 gold, have 12).
   265 | D:1      | 265 ||| SHOPLISTING potion of mutation (104 gold, have 12).
   284 | D:1      | Reached skill level 3 in Axes
   284 | D:1      | Reached XP level 2. HP: 17/17 MP: 6/6
   671 | D:1      | 671 ||| Stepping ~*~*~tactically~*~*~ (stealth).
   675 | D:1      | 675 ||| Stepping ~*~*~tactically~*~*~ (stealth).
   853 | D:1      | Reached XP level 3. HP: 21/21 MP: 7/7
  1137 | D:1      | 1137 ||| UPGRADING to +0 ring mail.
  1147 | D:1      | 1147 ||| DROPPING +0 leather armour.
  1148 | D:1      | 1148 ||| DROPPING +6 ring of intelligence.
  1149 | D:1      | 1149 ||| READING scroll labelled GARPHO ESOHA.
  1150 | D:1      | 1150 ||| READING scroll labelled HONOEPT TAQU.
  1151 | D:1      | 1151 ||| DROPPING scroll of blinking.
  1420 | D:2      | Reached skill level 4 in Axes
  1993 | D:2      | Found a faded altar of an unknown god.
  2305 | D:2      | 2305 ||| UPGRADING to +0 tower shield.
  2310 | D:2      | 2310 ||| UPGRADING to +0 chain mail.
  2320 | D:2      | 2320 ||| UPGRADING to +2 tower shield.
  2330 | D:2      | 2330 ||| DROPPING +0 tower shield.
  2331 | D:2      | 2331 ||| DROPPING +0 ring mail.
  2332 | D:2      | 2332 ||| READING scroll labelled WEHYSI WAGA.
  2344 | D:3      | Noticed Ijyb
  2347 | D:3      | Paralysed by Ijyb for 2 turns
  2353 | D:3      | Paralysed by Ijyb for 5 turns
  2360 | D:3      | Paralysed by Ijyb for 4 turns
  2361 | D:3      | HP: 4/21 [Ijyb/+0 club (2)]
  2362 | D:3      | HP: 1/21 [Ijyb/+0 club (3)]
  2365 | D:3      | Slain by Ijyb

Levels and vault maps discovered:
D:1:      wander_arrival_estate, layout_loops_ring, serial_forest,
          infiniplex_forest_straight_1, infiniplex_forest_3_way,
          infiniplex_forest_end_double, infiniplex_forest_lined_2,
          infiniplex_forest_zigzag_1, infiniplex_forest_straight_4,
          infiniplex_forest_straight_2, serial_shops, nicolae_shop_stone
D:2:      layout_loops_corners, shapermc_ecumenical_altar_starsandcircs
D:3:      minmay_chambers_of_threes, layout_basic,
          grunt_temple_overflow_holy_war, lemuel_zombie_altar_kikubaaqudgha,
          mainiacjoe_overflow_catwalk, gammafunk_ghost_nasty_kobolds, uniq_ijyb

Skill      XL: |  1  2  3 |
---------------+----------+-----
Axes           | 3 4 |  4.3
Fighting       | |  2.0
Throwing       | |  1.0
Armour         | |  1.1
Dodging        | |  2.1
Spellcasting   | |  2.0
Translocations | |  2.4

Action                   || total
-------------------------++-------
Melee: Hand axe          ||    84
       Kick              ||    21
       Peck              ||    13
Throw: Boomerang         ||     7
  Use: Scroll            ||     3
Armor: Leather armour    ||     8
       Chain mail        ||    12
       Ring mail         ||    10
Dodge: Dodged            ||    22
Block: Tower shield      ||     6

Table legend:
 A = Non-vault XP
 B = Vault XP
 C = Vault XP percentage of total XP
 D = Non-vault monster count
 E = Vault monster count
 F = Vault count percentage of total count
                 A         B        C        D         E       F
            +---------+---------+-------+---------+---------+-------
      Total |      67 |       0 |   0.0 |      38 |       0 |   0.0
            +---------+---------+-------+---------+---------+-------
        D:1 |      38 |       0 |   0.0 |      24 |       0 |   0.0
        D:2 |      29 |       0 |   0.0 |      14 |       0 |   0.0
            +---------+---------+-------+---------+---------+-------
